 Dungeon Crawl Stone Soup version 0.22-a0-136-g83a10e5 (webtiles) character file.

130 Santangelo the Covered (level 4, -3/41 HPs)
             Began as a Minotaur Fighter on Feb 3, 2018.
             Was a Follower of Makhleb.
             Slain by ThereIsNoGod's ghost (16 damage)
             ... on level 4 of the Dungeon.
             The game lasted 00:11:16 (1986 turns).

Santangelo the Covered (Minotaur Fighter)           Turns: 1986, Time: 00:11:17

Health: -3/41      AC:  7    Str: 23 (26) XL:     4   Next: 90%
Magic:  3/3        EV:  8    Int:  4 (5)  God:    Makhleb [*.....]
Gold:   156        SH:  0    Dex:  9 (10) Spells: 3/3 levels left

rFire    . . .     SeeInvis .   a - +0 trident
rCold    . . .     Gourm    .   c - +1 shield
rNeg     . . .     Faith    .   b - +0 scale mail
rPois    +         Spirit   .   (helmet restricted)
rElec    .         Reflect  .   (no cloak)
rCorr    .         Harm     .   (no gloves)
MR       .....                  (no boots)
Stlth    ..........             (no amulet)
HPRegen  0.13/turn              l - ring of poison resistance
MPRegen  0.08/turn              (no ring)

@: confused, mighty
A: retaliatory headbutt, horns 2
a: Renounce Religion


You were on level 4 of the Dungeon.
You worshipped Makhleb.
Makhleb was aware of your devotion.
You were not hungry.

You visited 1 branch of the dungeon, and saw 4 of its levels.

You collected 156 gold pieces.

Inventory:

Hand Weapons
 a - a +0 trident (weapon)
Armour
 b - a +0 scale mail (worn)
 c - a +1 shield (worn)
Jewellery
 l - a ring of poison resistance (left hand)
Scrolls
 e - 3 scrolls of blinking
 m - 2 scrolls of identify
 p - 2 scrolls of immolation {unknown}
 r - a scroll of fear {unknown}
 s - 2 scrolls of teleportation {unknown}
Potions
 d - a potion of might
 j - a potion of magic
 q - a potion of flight {unknown}
Comestibles
 f - a ration


   Skills:
 + Level 4.3 Fighting
 + Level 3.8 Polearms
 + Level 4.8 Armour
 + Level 1.0 Dodging
 + Level 0.1 Stealth
 + Level 4.3 Shields


You had 3 spell levels left.
You didn't know any spells.

Dungeon Overview and Level Annotations

Branches:
Dungeon (4/15)
 Temple: D:4-7

Altars:
Fedhas
Gozag
Hepliaklqana
Makhleb
Qazlal
Trog

Annotations:
D:4 ThereIsNoGod's ghost, amateur TrMo


Innate Abilities, Weirdness & Mutations

You reflexively headbutt those who attack you in melee.
You have a pair of horns on your head.


Message History

It is a scroll of identify.
Really abort (and waste the scroll)?
Okay, then.
ThereIsNoGod's ghost barely misses you. You furiously retaliate!
You headbutt ThereIsNoGod's ghost!!
It was a potion of heal wounds.
You feel much better. ThereIsNoGod's ghost hits you!
It was a potion of magic.
Magic courses through your body. ThereIsNoGod's ghost hits you!
* * * LOW HITPOINT WARNING * * *
Unknown command.
It was a potion of ambrosia.
You are confused.
You feel invigorated.
ThereIsNoGod's ghost closely misses you.
It was a potion of degeneration.
There was something very wrong with that liquid.
You feel weakened.
You feel dopey.
You feel clumsy. ThereIsNoGod's ghost hits you!
You die...

#. ###'### P#
....... ..##
.......######.....
?.................#
......§§§§§§.......
......§W§§§........
#§@§§........
.≈≈8≈≈.#§§§........
..≈≈≈..#§§§........
#.(...##...........
#....######........
...................
#########......###.
#......# #......#


You could see ThereIsNoGod's ghost.

Vanquished Creatures
  A crimson imp (D:2)
  2 adders (D:3)
  An ooze (D:3)
  3 worms
  A dart slug (D:3)
  4 leopard geckos
  2 orcs (D:3)
  2 giant cockroaches
  12 goblins
  6 hobgoblins
  A quokka (D:3)
  A ball python (D:2)
  5 bats
  4 frilled lizards
  7 kobolds
  7 rats
59 creatures vanquished.

Notes
Turn   | Place    | Note
-------+----------+-------------------------------------------
     0 | D:1      | Santangelo the Minotaur Fighter began the quest for the Orb.
     0 | D:1      | Reached XP level 1. HP: 19/19 MP: 0/0
   493 | D:1      | Reached XP level 2. HP: 27/27 MP: 1/1
   962 | D:2      | Found an opulent altar of Gozag.
   962 | D:2      | Found a bloodstained altar of Trog.
   962 | D:2      | Found a blossoming altar of Fedhas.
   962 | D:2      | Found a burning altar of Makhleb.
   984 | D:2      | Became a worshipper of Makhleb the Destroyer
  1011 | D:2      | Reached XP level 3. HP: 33/33 MP: 2/2
  1019 | D:2      | Found a stormy altar of Qazlal.
  1138 | D:2      | Reached XP level 4. HP: 40/40 MP: 3/3
  1162 | D:2      | You fall through a shaft!
  1447 | D:3      | Reached skill level 1 in Dodging
  1484 | D:3      | Reached * piety under Makhleb
  1814 | D:3      | Found a hazy altar of Hepliaklqana.
  1969 | D:4      | Noticed ThereIsNoGod's ghost (amateur TrMo)
  1981 | D:4      | HP: 2/41 [ThereIsNoGod's ghost (17)]
  1986 | D:4      | Slain by ThereIsNoGod's ghost

Vault maps used:
D:1:      nicolae_arrival_memento_mori, kennysheep_flooded_box
D:2:      grunt_qazlal_sundering, chequers_temple_overflow_statue_of_worship,
          serial_glass, glass_columns_b, glass_columns_a, feat_on_display,
          minmay_strange_pillars, due_unseen_surprise,
          chequers_ecumenical_altar_simple, nicolae_tso_carved_into_rock,
          uniq_jessica, uniq_terence
D:3:      lemuel_coloured_pillars_altar
D:4:      lemuel_crystal_altar, kiku_gazebo_garden_becter, vehumet_statue,
          moated_statue

Skill      XL: |  1  2  3  4 |
---------------+-------------+-----
Armour         | 4 |  4.8
Fighting       | 4 |  4.3
Polearms       | 3 |  3.8
Shields        | 4 |  4.3
Dodging        | 1 |  1.0
Stealth        | |  0.1

Action                   |  1- 3 |  4- 6 || total
-------------------------+-------+-------++-------
Melee: Trident           |    71 |    72 ||   143
       Headbutt          |     8 |    11 ||    19
  Use: Scroll            |       |     5 ||     5
       Potion            |       |     5 ||     5
  Eat: Chunk             |       |     2 ||     2
       Ration            |       |     1 ||     1
Armor: Scale mail        |    21 |     9 ||    30
Dodge: Dodged            |    14 |    12 ||    26
Block: Shield            |    21 |    30 ||    51

Table legend:
 A = Spawn XP
 B = Non-spawn XP
 C = Spawn XP percentage of total XP
 D = Spawn monster count
 E = Non-spawn monster count
 F = Spawn count percentage of total count
 G = Total turns spent on level
                    A         B        C        D         E        F      G
               +---------+---------+-------+---------+---------+-------+---------
         Total |       0 |     187 |   0.0 |       0 |      59 |   0.0 |  1986
               +---------+---------+-------+---------+---------+-------+---------
           D:1 |       0 |      32 |   0.0 |       0 |      19 |   0.0 |   948
           D:2 |       0 |      71 |   0.0 |       0 |      14 |   0.0 |   214
           D:3 |       0 |      79 |   0.0 |       0 |      25 |   0.0 |   784
           D:4 |       0 |       5 |   0.0 |       0 |       1 |   0.0 |    40
               +---------+---------+-------+---------+---------+-------+---------
